 Dungeon Crawl Stone Soup version 0.17.0-28-g6e173f8 (webtiles) character file.

79 Ivanskos the Covered (level 4, 24/42 HPs)
             Began as a Deep Dwarf Fighter on Dec 1, 2015.
             Quit the game on level 2 of the Dungeon.
             The game lasted 00:05:31 (1885 turns).

Ivanskos the Covered (Deep Dwarf Fighter)           Turns: 1885, Time: 00:05:31

Health: 24/42      AC:  9    Str: 18      XL:     4   Next: 16%
Magic:  4/4        EV:  8    Int:  7 (9)  God:
Gold:   67         SH:  9    Dex: 12      Spells: 0 memorised, 3 levels left

rFire  . . .     SeeInvis .     a - +1 flail
rCold  . . .     Clarity  .     b - +0 scale mail
rNeg   . . .     SustAt   .     c - +0 shield
rPois  .         Gourm    .     (no helmet)
rElec  .         Spirit   .     (no cloak)
rCorr  .         Warding  .     i - +1 pair of gloves
rMut   .         Stasis   .     (no boots)
MR     .....                    (no amulet)
Stlth  ..........               (no ring)
                                (no ring)

@: non-regenerating, not resistant to hostile enchantments, extremely unstealthy
A: damage resistance, recharge devices, sense surroundings 1, slow regeneration
3, spit poison 1, weak 1
a: Device Recharging, Spit Poison


You were on level 2 of the Dungeon.
You were not hungry.

You visited 1 branch of the dungeon, and saw 2 of its levels.

You collected 67 gold pieces.

Inventory:

Hand Weapons
 a - a +1 flail (weapon)
Armour
 b - a +0 scale mail (worn)
 c - a +0 shield (worn)
 i - a +1 pair of gloves (worn)
Wands
 e - a wand of heal wounds (5)
Potions
 d - a potion of might
Comestibles
 f - a bread ration


   Skills:
 + Level 3.1 Fighting
 + Level 2.4 Maces & Flails
 + Level 4.0 Armour
 + Level 1.8 Dodging
 + Level 3.7 Shields


You had 3 spell levels left.
You didn't know any spells.

Dungeon Overview and Level Annotations

Branches:
Dungeon (2/15)

Altars:


Innate Abilities, Weirdness & Mutations

You are resistant to damage.
You can recharge devices by infusing magical energy.
You passively map a small area around you.
You do not regenerate naturally.
You can spit weak poison.
You are weak. (Str -2)


Message History

You feel less woody.
Your +1 pair of gloves unmelds from your body.
Your +0 scale mail unmelds from your body.
You start waiting.
You are no longer poisoned.
You start waiting.
Done waiting.
You start waiting.
Done waiting.
You start waiting.
Done waiting.
Unknown command.
Saving game... please wait.
Welcome back, Ivanskos the Deep Dwarf Fighter.
Press ? for a list of commands and other information.
Autopickup is now off.
Autopickup is now on.
You pace your travel speed to your slowest ally.
You travel at normal speed.
Are you sure you want to abandon this character and quit the game? (Confirm with "yes".)

#...#..<..............# #.#
#...#......##.....)##.# #.#
....#.#.#..###....###.# #.#
#...#.#.#...###..###..## *#
..#.#...#....######....#
..# .†#.#####.....#
#.....#...# ..#.........(.#
#.........#
..#######....######...#.#.#
..# #...###.@###..#...# ..#
#..###....###.##..# #.#
#..##......##.#*(.# #.#
#.....÷.......# , #.#
#........###### #.#
########## , #.# * #.# #.#


There were no monsters in sight!

Vanquished Creatures
  3 adders
  2 oozes
  4 giant geckos (D:1)
  4 giant cockroaches
  2 hobgoblins (D:1)
  7 jackals
  3 bats
  6 giant newts
  3 goblins (D:1)
  6 kobolds (D:1)
  A quokka (D:2)
  5 rats
  2 bushes (D:1)
  2 plants (D:1)
50 creatures vanquished.

Vanquished Creatures (others)
  2 plants (D:1)
2 creatures vanquished.

Grand Total: 52 creatures vanquished

Notes
Turn   | Place    | Note
--------------------------------------------------------------
     0 | D:1      | Ivanskos the Deep Dwarf Fighter began the quest for the Orb.
     0 | D:1      | Reached XP level 1. HP: 20/20 MP: 1/1
   212 | D:1      | Reached XP level 2. HP: 27/27 MP: 2/2
   476 | D:1      | Reached XP level 3. HP: 24/34 MP: 3/3
   477 | D:1      | Reached skill level 1 in Dodging
  1505 | D:2      | Reached XP level 4. HP: 27/42 MP: 4/4
  1510 | D:2      | Reached skill level 4 in Armour
  1546 | D:2      | Gained mutation: You are weak. (Str -2) [potion of mutation]
  1546 | D:2      | Gained mutation: You can spit weak poison. [potion of mutation]
  1885 | D:2      | Quit the game

Action                   |  1- 3 |  4- 6 || total
-------------------------+-------+-------++-------
Melee: Flail             |   277 |     7 ||   284
  Use: Scroll            |       |     5 ||     5
       Potion            |       |     4 ||     4
  Eat: Meat ration       |     1 |       ||     1
       Beef jerky        |     1 |       ||     1
